Map: Last Remnant

Players

JaySlays

  • Race: Protoss Protoss
  • Spawn Location: 12:00

Wolf

  • Race: Zerg Zerg
  • League: Diamond
  • Spawn Location: 1:00

photonix

  • Race: Protoss Protoss
  • Spawn Location: 3:00

FaTbOy

  • Race: Protoss Protoss
  • Spawn Location: 12:00

elfman - Winner!

  • Race: Protoss Protoss
  • Spawn Location: 7:00

Helicopter - Winner!

  • Race: Zerg Zerg
  • Spawn Location: 9:00

SirCharles - Winner!

  • Race: Zerg Zerg
  • Spawn Location: 6:00

JCFC - Winner!

  • Race: Terran Terran
  • Spawn Location: 6:00

VOD

Have the link to the VOD?

Description

Time

  • Played on: April 4, 2018, 12:12 a.m.
  • Length: 6:41
Show
View Real Time Build Order
Export as new Build Order

JaySlays Protoss 

Build Orders: Dark Templar Rush 

Get SALT Encoding   

  12  0:01  Probe  
  13  0:13  Probe  
  14  0:20  Pylon  
  14  0:25  Probe  
  15  0:35  Assimilator  
  15  0:38  Probe (Chrono Boost)  
  16  0:46  Gateway  
  16  0:50  Probe (Chrono Boost)  
  17  0:59  Probe (Chrono Boost)  
  18  1:04  Probe  
  19  1:15  Pylon  
  19  1:17  Probe (Chrono Boost), Assimilator  
  21  1:27  Probe (Chrono Boost)  
  21  1:31  Probe (Chrono Boost)  
  21  1:34  Cybernetics Core  
  22  1:45  Zealot  
  24  2:07  Probe  
  25  2:13  Warp Gate (Chrono Boost), Twilight Council  
  25  2:20  Adept (Chrono Boost)  
  27  2:32  Probe  
  28  2:41  Gateway  
  28  2:43  Adept  
  30  2:44  Gateway  
  30  2:55  Shield Battery  
  30  3:00  Dark Shrine  
  30  3:11  Forge  
  30  3:16  Shield Battery  
  30  3:22  Resonating Glaives  
  30  3:34  Pylon  
  30  3:53  Pylon  
  30  4:16  Dark Templar  
  32  4:23  Dark Templar x2  
  36  4:50  Dark Templar  
  38  5:02  Gateway  
  38  5:03  Gateway  
  38  5:05  Gateway  
  38  5:08  Pylon, Dark Templar x2  
  38  5:10  Pylon  
  38  5:12  Pylon  
  42  5:14  Pylon  
  42  5:15  Pylon  
  42  5:17  Pylon  
  42  5:48  Dark Templar  
  42  6:17  Dark Templar  
  42  6:18  Nexus  
Show
View Real Time Build Order
Export as new Build Order

Wolf Zerg 

Build Orders: Hatch First 

Get SALT Encoding   

  12  0:02  Drone  
  13  0:12  Overlord  
  13  0:18  Drone  
  14  0:31  Drone  
  14  0:32  Drone  
  16  0:35  Drone  
  17  0:55  Hatchery  
  16  0:58  Drone  
  16  1:00  Drone  
  18  1:24  Drone x2  
  20  1:26  Extractor  
  20  1:27  Spawning Pool  
  20  1:29  Drone  
  19  1:39  Overlord  
  19  1:55  Overlord  
  19  2:14  Zergling x2  
  19  2:15  Zergling x4  
  22  2:18  Queen x2  
  22  2:21  Spine Crawler  
  22  2:22  Zergling x2  
  26  2:23  Zergling x2  
  27  2:30  Metabolic Boost  
  27  2:35  Zergling x2  
  28  2:37  Zergling x2  
  29  2:48  Zergling x2  
  29  2:49  Zergling x2  
  31  3:00  Zergling x4  
  33  3:18  Zergling x2  
  33  3:19  Zergling x6  
  37  3:25  Baneling Nest  
  36  3:29  Zergling x6  
  39  3:35  Overlord  
  27  3:56  Zergling x12  
  33  4:17  Zergling x8  
  33  4:22  Zergling x2  
  37  4:31  Zergling x2  
  37  4:32  Zergling x6  
  29  4:58  Hatchery  
  28  5:03  Zergling x20  
  38  5:09  Overlord  
  38  5:16  Zergling x2  
  38  5:17  Zergling x2  
  40  5:22  Zergling x4  
  34  6:05  Zergling x2  
  34  6:06  Zergling x18  
Show
View Real Time Build Order
Export as new Build Order

photonix Protoss 

Build Orders: 1 Gate Expand 

Get SALT Encoding   

  12  0:01  Probe (Chrono Boost)  
  13  0:13  Probe (Chrono Boost)  
  14  0:18  Probe (Chrono Boost)  
  15  0:25  Pylon  
  15  0:45  Gateway  
  15  0:48  Assimilator  
  15  1:12  Nexus  
  15  1:17  Probe (Chrono Boost)  
  16  1:27  Probe (Chrono Boost)  
  17  1:34  Cybernetics Core  
  17  1:38  Probe  
  18  1:50  Probe, Zealot (Chrono Boost)  
  21  2:05  Gateway  
  20  2:58  Probe  
  21  3:07  Pylon, Zealot (Chrono Boost)  
  21  3:10  Probe  
  21  3:11  Pylon  
  22  3:15  Pylon  
  22  3:19  Pylon  
  22  3:22  Probe  
  26  3:34  Probe  
  26  3:35  Stalker (Chrono Boost)  
Show
View Real Time Build Order
Export as new Build Order

FaTbOy Protoss 

Build Orders:  

Get SALT Encoding   

  12  0:02  Probe (Chrono Boost)  
  14  0:14  Probe (Chrono Boost)  
  14  0:19  Probe (Chrono Boost)  
  15  0:29  Pylon  
  15  0:47  Probe  
  16  0:50  Gateway  
  16  0:52  Forge  
  16  0:57  Pylon  
  16  1:00  Probe  
  17  1:16  Gateway  
  17  1:27  Photon Cannon  
  17  1:32  Photon Cannon  
  17  1:39  Zealot (Chrono Boost)  
  19  1:48  Assimilator  
Show
View Real Time Build Order
Export as new Build Order

elfman Protoss - Winner!

Build Orders: Blink Stalkers 

Get SALT Encoding   

  12  0:03  Probe  
  13  0:15  Probe  
  14  0:24  Pylon  
  14  0:27  Probe  
  15  0:42  Probe (Chrono Boost)  
  16  0:53  Probe (Chrono Boost)  
  16  0:57  Probe (Chrono Boost), Gateway  
  17  1:01  Assimilator  
  18  1:08  Probe  
  18  1:10  Assimilator  
  19  1:20  Probe (Chrono Boost)  
  19  1:24  Pylon  
  21  1:32  Probe (Chrono Boost)  
  21  1:38  Probe (Chrono Boost)  
  22  1:41  Gateway  
  22  1:47  Probe  
  22  1:53  Cybernetics Core  
  23  2:01  Pylon  
  23  2:08  Gateway  
  23  2:26  Pylon  
  23  2:29  Stalker (Chrono Boost)  
  27  2:38  Stalker (Chrono Boost)  
  27  2:51  Stalker  
  27  2:56  Stalker  
  31  3:01  Stalker  
  31  3:03  Twilight Council  
  33  3:21  Stalker  
  33  3:26  Stalker  
  37  3:33  Stalker  
  39  3:42  Blink (Chrono Boost)  
  39  3:51  Stalker  
  41  3:57  Pylon  
  41  4:45  Robotics Facility  
  29  4:47  Stalker x3  
  29  5:17  Stalker x3  
  35  5:33  Observer (Chrono Boost)  
  36  5:46  Observer (Chrono Boost)  
  36  5:47  Zealot x3  
Show
View Real Time Build Order
Export as new Build Order

Helicopter Zerg - Winner!

Build Orders: Pool First 

Get SALT Encoding   

  12  0:04  Extractor  
  11  0:22  Spawning Pool  
  11  0:27  Drone  
  11  0:32  Drone  
  12  0:40  Drone  
  13  0:53  Overlord  
  13  1:10  Zergling x2  
  14  1:12  Zergling x2  
  14  1:13  Zergling x2  
  16  1:24  Zergling x2  
  16  1:25  Metabolic Boost  
  17  1:32  Zergling x2  
  18  1:38  Queen  
  20  1:52  Zergling x2  
  21  1:58  Zergling x2  
  21  2:08  Overlord  
  21  2:38  Zergling x4, Hatchery  
  21  2:39  Zergling x2  
  23  2:52  Zergling x2  
  23  2:58  Overlord  
  24  2:59  Queen  
  25  3:22  Overlord  
  25  3:23  Drone x2  
  25  3:26  Drone  
  28  3:31  Drone x2  
  26  3:58  Drone  
  26  3:59  Drone x2  
  29  4:09  Drone  
  27  4:31  Drone  
  27  4:33  Drone  
  28  4:39  Queen  
  28  4:41  Hatchery  
  28  4:44  Spore Crawler  
  27  4:49  Baneling Nest  
  26  4:55  Spore Crawler  
  26  4:58  Drone  
  26  4:59  Zergling x4  
  28  5:00  Zergling x2  
  29  5:07  Zergling x2  
  29  5:11  Zergling x2  
  29  5:12  Zergling x4  
  33  5:15  Zergling x2  
  34  5:24  Overlord  
  34  5:25  Zergling x2  
  34  5:26  Zergling x2  
  36  5:32  Baneling x5  
  36  5:34  Zergling x2  
  16  5:50  Baneling  
  16  5:53  Spore Crawler  
  16  5:55  Spore Crawler  
  16  5:56  Drone  
  14  5:57  Drone  
  12  6:16  Drone x2  
  14  6:29  Spawning Pool  
Show
View Real Time Build Order
Export as new Build Order

SirCharles Zerg - Winner!

Build Orders: Pool First, Zergling Baneling 

Get SALT Encoding   

  12  0:01  Drone  
  13  0:09  Drone  
  14  0:17  Extractor, Drone  
  14  0:34  Spawning Pool  
  13  0:40  Drone  
  14  0:47  Overlord  
  14  1:05  Overlord  
  14  1:23  Baneling Nest  
  14  1:25  Zergling x6  
  16  1:36  Zergling x2  
  17  1:53  Zergling x2  
  18  1:55  Queen  
  20  2:04  Zergling x2  
  20  2:18  Zergling x2  
  20  2:19  Baneling x2  
  20  2:23  Metabolic Boost  
  20  2:26  Zergling x2  
  21  2:37  Baneling x2  
  21  2:42  Zergling x4  
  23  2:49  Baneling x2  
  23  3:02  Zergling x4  
  25  3:15  Zergling x6  
  26  3:41  Zergling x6  
  26  3:55  Zergling x2  
  23  4:15  Hatchery  
  20  4:24  Zergling x4  
  21  4:27  Baneling  
  21  4:28  Baneling x2  
  21  4:30  Baneling x2  
  16  4:49  Drone x4  
  18  5:01  Spine Crawler  
  17  5:10  Spore Crawler  
  16  5:23  Spine Crawler  
  15  5:28  Spine Crawler  
  8  5:47  Drone  
  9  5:58  Drone  
  10  6:08  Drone  
  11  6:17  Drone  
  12  6:27  Drone  
  12  6:29  Drone  
Show
View Real Time Build Order
Export as new Build Order

JCFC Terran - Winner!

Build Orders: MMM Bio 

Get SALT Encoding   

  12  0:02  SCV  
  13  0:22  Supply Depot  
  13  0:25  SCV  
  14  0:39  SCV  
  15  0:49  Barracks  
  15  0:53  Barracks  
  15  0:54  SCV  
  16  1:02  Refinery  
  16  1:09  Refinery  
  16  1:10  SCV  
  17  1:25  SCV  
  18  1:37  Marine  
  18  1:39  Orbital Command  
  19  1:41  Marine  
  20  1:54  Supply Depot  
  20  1:57  Marine  
  21  2:08  Marine  
  22  2:18  Barracks Tech Lab  
  22  2:22  Engineering Bay  
  22  2:27  Barracks Tech Lab  
  22  2:31  SCV  
  23  2:38  Marine, Stimpack  
  23  2:44  SCV  
  25  2:48  Terran Infantry Armor Level 1  
  25  2:49  Marine  
  26  2:56  Supply Depot  
  26  2:59  SCV  
  26  3:01  Marine  
  28  3:11  Missile Turret  
  28  3:13  Marine  
  28  3:15  SCV  
  30  3:28  Factory  
  30  3:29  Marine  
  30  3:32  SCV  
  32  3:34  Marine  
  33  3:56  Marine  
  33  3:57  Marine  
  33  3:58  SCV  
  33  4:02  Supply Depot  
  36  4:04  Combat Shields  
  36  4:14  Starport, Factory Reactor  
  36  4:15  Marine  
  36  4:16  Marine  
  38  4:33  Marine  
  38  4:34  Marine  
  40  4:47  Supply Depot  
  40  5:00  Medivac x2  
  40  5:02  Marine  
  40  5:04  Command Center  
  40  5:06  Marine  
  46  5:15  Factory Tech Lab  
Tags
 
Add a new tag
Caveats
  • Supply blocks, unpowered buildings, or Contaminate may cause inaccurate times.
  • Supply counts are checked every 10 seconds.